Map: [ESL] Inside and Out

Players

Solar - Winner!

  • Race: Zerg Zerg
  • Spawn Location: 7:00

Ryung

  • Race: Terran Terran
  • Spawn Location: 1:00

Event: DreamHack SC2 Masters 2022 Atlanta (Offline)

VOD

Have the link to the VOD?

Description

Time

  • Played on: Nov. 18, 2022, 3:17 p.m.
  • Length: 24:45

All games in this series

Show
View Real Time Build Order
Export as new Build Order

Solar Zerg - Winner!

Build Orders: Hatch First 

Get SALT Encoding   

  12  0:00  Drone  
  13  0:12  Overlord  
  13  0:16  Drone  
  14  0:30  Drone x2  
  16  0:46  Hatchery  
  15  0:50  Drone  
  15  0:55  Drone  
  17  0:57  Drone  
  18  1:09  Extractor  
  17  1:12  Spawning Pool  
  17  1:16  Drone  
  17  1:20  Drone  
  18  1:28  Drone  
  19  1:39  Drone  
  20  1:49  Drone  
  21  1:59  Queen x2  
  25  2:06  Zergling x4  
  27  2:10  Zergling x2  
  27  2:11  Overlord  
  28  2:21  Hatchery  
  27  2:25  Drone  
  28  2:30  Drone  
  28  2:31  Drone  
  28  2:35  Queen  
  32  2:43  Overlord  
  32  2:48  Drone x2  
  32  2:51  Metabolic Boost  
  34  2:55  Drone  
  34  2:57  Drone  
  36  3:03  Drone  
  36  3:04  Drone  
  38  3:08  Drone  
  38  3:09  Drone x2  
  41  3:14  Queen  
  41  3:18  Overlord  
  44  3:20  Drone  
  44  3:32  Queen x2  
  44  3:33  Drone  
  49  3:41  Drone x5  
  54  3:44  Overlord  
  54  3:46  Drone  
  55  3:49  Drone x2  
  55  3:51  Drone  
  55  3:55  Overlord  
  58  4:04  Drone x2  
  58  4:05  Zergling x4  
  58  4:06  Drone  
  58  4:09  Queen  
  64  4:13  Queen  
  64  4:14  Drone x2  
  68  4:18  Drone x4  
  68  4:22  Overlord  
  68  4:23  Drone  
  73  4:27  Overlord  
  73  4:30  Overlord  
  73  4:38  Zergling x2  
  74  4:41  Zergling x8  
  74  4:42  Zergling x6  
  74  4:44  Drone  
  82  4:45  Lair  
  82  4:49  Overlord  
  82  4:50  Baneling Nest, Queen, Extractor  
  82  4:51  Drone, Extractor  
  82  4:57  Drone x2  
  82  4:59  Spore Crawler, Drone  
  83  5:02  Drone x3  
  83  5:06  Drone x2  
  87  5:08  Zergling x6  
  89  5:14  Spore Crawler  
  89  5:16  Spore Crawler, Drone x2  
  89  5:17  Extractor  
  89  5:20  Evolution Chamber  
  87  5:21  Drone x4  
  87  5:22  Evolution Chamber  
  87  5:23  Drone x2  
  87  5:26  Drone x2  
  87  5:27  Overlord  
  94  5:29  Drone  
  94  5:30  Extractor  
  94  5:32  Drone x2  
  94  5:33  Drone  
  97  5:39  Drone x2  
  98  5:44  Overseer  
  98  5:47  Centrifugal Hooks  
  98  5:49  Drone x2  
  99  5:52  Drone x2  
  99  5:56  Drone x2  
  103  5:57  Drone x2  
  103  6:02  Hatchery  
  103  6:03  Zerg Melee Weapons Level 1  
  103  6:05  Overlord  
  103  6:11  Drone x2  
  105  6:13  Zergling x2  
  105  6:14  Zergling x10  
  111  6:21  Zergling x2  
  111  6:22  Overlord  
  111  6:25  Zerg Ground Armor Level 1  
  112  6:26  Zergling x8  
  113  6:38  Drone x2, Overlord  
  116  6:40  Zergling x6, Hydralisk Den  
  116  6:42  Baneling x7  
  116  6:45  Baneling  
  116  6:46  Zergling x2  
  118  6:47  Drone  
  118  6:52  Zergling x2  
  120  6:57  Zergling x10  
  120  6:59  Baneling x3  
  120  7:00  Zergling x2  
  126  7:04  Hatchery  
  126  7:08  Drone x3  
  128  7:11  Zergling x6  
  128  7:15  Baneling x2  
  131  7:16  Zergling x2  
  131  7:19  Zergling x8  
  131  7:22  Drone  
  137  7:26  Baneling  
  137  7:27  Zergling x10, Baneling x6  
  142  7:30  Zergling x2  
  142  7:35  Zergling x4  
  142  7:36  Baneling x7  
  144  7:41  Zergling x2, Overlord  
  144  7:42  Overlord  
  144  7:44  Overlord  
  143  7:46  Overlord  
  143  7:48  Overlord  
  143  7:50  Overlord  
  143  7:52  Overlord  
  143  7:53  Baneling  
  143  7:54  Overlord  
  143  7:56  Muscular Augments  
  143  7:57  Zerg Melee Weapons Level 2  
  143  7:59  Overlord  
  143  8:04  Zergling x8  
  143  8:05  Zergling x12  
  149  8:09  Zergling x8  
  135  8:13  Spore Crawler  
  135  8:14  Drone x2  
  135  8:15  Extractor  
  135  8:23  Hatchery, Zerg Ground Armor Level 2  
  135  8:25  Drone x4  
  135  8:26  Drone, Extractor  
  137  8:31  Hydralisk x8, Drone  
  137  8:33  Zergling x2  
  155  8:34  Zergling x2  
  155  8:39  Infestation Pit  
  155  8:41  Zergling x8  
  159  8:44  Drone  
  159  8:48  Zergling x6  
  163  8:49  Hydralisk  
  161  8:56  Zergling x8  
  161  8:59  Baneling x9  
  163  9:04  Zergling x18  
  172  9:13  Zergling x12  
  172  9:15  Grooved Spines  
  170  9:19  Hive  
  170  9:21  Zergling x4  
  170  9:22  Zergling x4  
  174  9:29  Hydralisk x3  
  178  9:32  Hatchery  
  178  9:36  Drone x3  
  178  9:37  Drone  
  181  9:39  Baneling x9  
  181  9:41  Queen  
  181  9:43  Zergling x14  
  181  9:44  Zergling x2  
  181  9:45  Drone  
  192  9:46  Drone  
  192  9:47  Drone  
  194  9:53  Zergling x8  
  194  9:57  Zergling x2  
  194  9:59  Baneling x10  
  198  10:00  Baneling x5  
  198  10:02  Zergling x2, Hatchery  
  198  10:03  Zergling x2  
  198  10:04  Drone  
  198  10:06  Zergling x4  
  193  10:08  Drone  
  193  10:11  Zergling x8  
  193  10:18  Zergling x14  
  196  10:31  Overlord  
  196  10:32  Zergling x12  
  196  10:33  Adrenal Glands  
  196  10:35  Viper x2  
  177  10:39  Zergling x4  
  178  10:48  Zergling x20  
  185  10:51  Baneling x4  
  185  10:54  Zergling x2, Hatchery  
  185  10:55  Zergling x2  
  185  10:57  Hydralisk  
  175  11:02  Zergling x2  
  175  11:03  Zergling x2  
  177  11:07  Zergling x4  
  163  11:12  Zergling x6  
  163  11:16  Zergling x4  
  161  11:20  Zergling x10  
  155  11:26  Zerg Missile Weapons Level 1  
  155  11:27  Zerg Ground Armor Level 3  
  155  11:28  Zergling x2  
  155  11:29  Zergling x4  
  158  11:33  Zergling x8  
  158  11:36  Hatchery, Lurker Den  
  160  11:40  Zergling x6, Extractor  
  160  11:45  Zergling x4  
  164  11:47  Drone  
  164  11:48  Drone  
  164  11:51  Drone  
  164  11:53  Zergling x4  
  165  11:55  Hydralisk  
  165  11:58  Hatchery  
  165  11:59  Zergling x8  
  170  12:06  Zergling x10  
  175  12:09  Baneling x5  
  175  12:10  Baneling  
  175  12:11  Drone  
  175  12:14  Drone  
  177  12:19  Baneling x5  
  177  12:20  Overseer  
  177  12:23  Zergling x6  
  180  12:30  Baneling x2  
  180  12:31  Zergling x10  
  180  12:34  Drone  
  186  12:38  Zergling x6  
  186  12:40  Drone  
  190  12:50  Drone x2  
  192  12:54  Hatchery  
  188  13:00  Zergling x16  
  188  13:04  Drone  
  188  13:05  Drone x2  
  199  13:12  Baneling x4  
  199  13:24  Drone  
  200  13:27  Zerg Melee Weapons Level 3  
  200  13:35  Drone, Extractor  
  200  13:37  Seismic Spines  
  199  13:56  Spore Crawler  
  199  13:57  Drone  
  199  14:02  Drone  
  195  14:08  Hydralisk  
  162  14:10  Zergling x24  
  162  14:15  Zergling x50  
  182  14:17  Overseer  
  182  14:19  Zergling x4  
  182  14:22  Zergling x6  
  183  14:25  Baneling x19  
  183  14:26  Zergling x8  
  183  14:29  Zergling x6  
  183  14:30  Lurker  
  191  14:33  Baneling x10  
  191  14:34  Adaptive Talons  
  191  14:35  Zergling x4  
  191  14:36  Zerg Missile Weapons Level 2  
  189  14:41  Zergling x10  
  174  14:47  Hydralisk x2  
  174  14:49  Zergling x12  
  174  14:51  Pneumatized Carapace  
  167  14:53  Zergling x4  
  162  15:02  Zergling x4, Hatchery  
  162  15:05  Zergling x6  
  143  15:08  Zergling x4  
  143  15:11  Zergling x4  
  143  15:13  Hydralisk  
  127  15:16  Hydralisk  
  127  15:20  Hydralisk x2  
  133  15:22  Baneling  
  133  15:23  Baneling x3  
  133  15:27  Zergling x4  
  135  15:28  Baneling  
  135  15:30  Lurker  
  135  15:31  Lurker  
  135  15:33  Lurker  
  135  15:35  Lurker  
  139  15:36  Lurker  
  139  15:37  Lurker  
  139  15:40  Baneling x4  
  139  15:42  Hydralisk  
  141  15:45  Zergling x4  
  141  15:46  Baneling  
  141  15:47  Baneling x3  
  144  15:50  Hydralisk  
  144  15:53  Overseer  
  144  15:54  Baneling  
  144  15:55  Baneling x5  
  146  15:57  Hydralisk  
  146  16:00  Zergling x4  
  151  16:11  Zergling x6  
  152  16:19  Hydralisk x3  
  152  16:20  Hatchery  
  152  16:21  Zergling x6  
  158  16:25  Zergling x2  
  158  16:26  Zergling x6  
  158  16:29  Zergling x6  
  158  16:32  Zergling x8  
  169  16:35  Zergling x6  
  172  16:42  Zergling x16  
  172  16:43  Baneling x2  
  172  16:45  Zergling x4  
  172  16:46  Zergling x2  
  182  16:49  Zergling x8  
  182  16:52  Zergling x6  
  182  16:53  Zergling x2  
  190  16:57  Zergling x10  
  195  17:03  Zergling x8  
  195  17:04  Baneling  
  195  17:05  Baneling x7  
  199  17:14  Baneling x8  
  199  17:16  Zergling x2  
  199  17:22  Hatchery  
  195  17:33  Zergling x30  
  195  17:35  Zergling x12  
  195  17:36  Zergling x4  
  194  17:38  Zergling x8  
  182  17:46  Hydralisk x2  
  182  17:50  Zergling x10  
  182  17:51  Zergling x4  
  167  17:54  Hydralisk  
  167  17:58  Hydralisk x2  
  160  17:59  Zergling x10  
  160  18:01  Zergling x4  
  160  18:04  Baneling x8  
  171  18:05  Overseer  
  171  18:09  Zergling x2  
  171  18:10  Zergling x6  
  171  18:11  Zergling x2  
  174  18:13  Overseer  
  174  18:14  Baneling x5  
  174  18:15  Baneling  
  174  18:19  Baneling, Viper x2  
  173  18:21  Viper  
  173  18:25  Zergling x2  
  173  18:26  Zergling x6  
  186  18:30  Zergling x10  
  191  18:38  Hatchery  
  191  18:40  Zergling x6  
  193  18:45  Baneling x12  
  193  18:46  Baneling  
  192  18:52  Burrow  
  192  18:58  Overlord  
  192  19:01  Overlord  
  192  19:03  Overlord  
  192  19:05  Drone  
  193  19:15  Infestor  
  193  19:16  Overlord  
  192  19:18  Overseer x2  
  192  19:19  Overseer  
  192  19:21  Infestor x3  
  198  19:33  Overseer x3  
  198  19:42  Baneling x2  
  198  20:03  Zergling x2  
  198  20:04  Zergling x4  
  197  20:07  Zergling x6  
  197  20:08  Zergling x4  
  199  20:25  Zergling x6  
  198  20:30  Zergling x2  
  189  20:41  Hydralisk x3  
  179  20:44  Zergling x8  
  179  20:45  Zergling x40  
  179  20:49  Zergling x14  
  200  20:54  Hydralisk  
  193  20:59  Hydralisk x3  
  193  21:02  Zergling x6  
  196  21:05  Zergling x2  
  196  21:10  Baneling x13  
  194  21:12  Zergling x10  
  199  21:36  Neural Parasite  
  199  21:43  Zergling x4  
  183  21:48  Overlord x5  
  183  21:50  Overseer x3  
  183  21:52  Overlord  
  183  21:53  Overlord  
  176  22:01  Overlord  
  176  22:09  Zergling x48  
  200  22:18  Baneling x12, Infestor x2, Hatchery, Overseer  
  199  22:27  Zergling x2  
  190  22:43  Zergling x12  
  156  22:46  Hydralisk x2  
  156  22:47  Zergling x28  
  156  22:48  Zergling x2  
  155  22:57  Zergling x10  
  160  22:59  Baneling  
  160  23:00  Baneling x6  
  160  23:01  Overseer  
  160  23:03  Viper x2  
  160  23:05  Hydralisk x4  
  168  23:08  Overseer  
  168  23:09  Zergling x4  
  167  23:12  Baneling  
  167  23:13  Zergling x2, Baneling x12  
  167  23:16  Zergling x8  
  167  23:19  Baneling x7  
  171  23:20  Baneling x6  
  171  23:25  Zergling x2  
  171  23:26  Zergling x16  
  179  23:35  Zergling x6  
  179  23:40  Zergling x2  
  179  23:41  Zergling x2  
  183  23:44  Zergling x4  
  183  23:46  Zergling x2, Hatchery  
  182  23:48  Zergling x2  
  182  23:51  Zergling x2  
  182  23:54  Zergling x4  
  184  23:56  Baneling x3  
  184  23:57  Baneling  
  184  23:59  Infestor  
  184  24:00  Zergling x4  
  184  24:02  Zergling x2  
  187  24:04  Zergling x2  
  187  24:06  Zergling x2  
  187  24:08  Zergling x2  
  190  24:14  Zergling x6  
  193  24:17  Zergling x4  
  193  24:21  Zergling x4  
  196  24:26  Zergling x6  
Show
View Real Time Build Order
Export as new Build Order

Ryung Terran 

Build Orders: Reaper Expand, Hellion Banshee 

Get SALT Encoding   

  12  0:00  SCV  
  13  0:12  SCV  
  14  0:17  Supply Depot  
  14  0:24  SCV  
  15  0:38  SCV  
  15  0:39  Barracks  
  16  0:43  Refinery  
  16  0:50  SCV  
  17  1:02  SCV  
  18  1:14  SCV  
  19  1:26  Reaper  
  19  1:27  Orbital Command  
  20  1:39  Command Center  
  20  1:48  Supply Depot  
  20  1:53  SCV  
  21  1:58  Marine  
  22  2:05  SCV  
  23  2:11  Factory  
  23  2:17  SCV  
  23  2:19  Barracks Reactor  
  24  2:29  SCV  
  25  2:41  Command Center, SCV  
  26  2:52  Orbital Command  
  26  2:53  SCV  
  27  3:01  Starport  
  27  3:05  SCV  
  27  3:06  Refinery  
  27  3:12  Hellion  
  30  3:13  Hellion  
  30  3:16  Barracks Tech Lab  
  30  3:18  SCV  
  33  3:21  SCV  
  34  3:30  SCV  
  34  3:33  SCV, Hellion  
  38  3:35  Hellion  
  40  3:42  Banshee  
  40  3:43  Marine  
  40  3:44  SCV  
  40  3:45  SCV  
  46  3:53  Orbital Command  
  46  3:55  Cloaking Field  
  46  3:57  SCV x2  
  48  4:03  Hellion  
  48  4:04  Supply Depot  
  48  4:09  Barracks Tech Lab  
  50  4:10  SCV x2  
  50  4:13  Hellion  
  54  4:19  SCV  
  54  4:22  SCV x2  
  57  4:25  Banshee  
  57  4:28  Marine  
  57  4:29  Supply Depot, Orbital Command  
  61  4:34  Hellion  
  61  4:35  Hellion  
  61  4:37  SCV  
  61  4:38  SCV  
  67  4:46  Stimpack, Marine  
  67  4:50  Supply Depot, SCV  
  67  4:51  SCV  
  70  4:56  Supply Depot, Barracks  
  70  4:58  Barracks  
  70  5:02  Factory Reactor  
  70  5:03  SCV x2  
  70  5:04  SCV  
  73  5:09  Marine  
  74  5:18  Engineering Bay, SCV x2  
  74  5:19  Engineering Bay, SCV  
  74  5:20  Refinery, Starport Reactor  
  74  5:21  Refinery  
  77  5:22  Supply Depot  
  77  5:23  Supply Depot  
  77  5:28  Marine  
  77  5:30  SCV x2  
  77  5:31  SCV  
  81  5:42  SCV  
  81  5:43  SCV x2  
  81  5:48  Barracks, Terran Infantry Armor Level 1, Terran Infantry Weapons Level 1  
  84  5:51  Barracks  
  84  5:52  Siege Tank  
  84  5:54  Marine  
  84  5:55  SCV x3, Marine  
  84  5:56  Marine x2  
  94  5:57  Marine  
  94  6:02  Medivac  
  97  6:07  SCV x2  
  97  6:09  SCV  
  97  6:10  Refinery  
  100  6:11  Medivac  
  100  6:12  Marine x2  
  104  6:19  SCV x2  
  104  6:21  Supply Depot  
  104  6:22  Supply Depot, SCV  
  104  6:23  Supply Depot  
  107  6:31  SCV x2  
  109  6:35  Combat Shield  
  109  6:42  Marine x2  
  109  6:43  SCV x3, Armory, Siege Tank, Marine x2  
  109  6:47  Supply Depot, Barracks Reactor x2  
  119  6:48  Supply Depot x2  
  119  6:54  Marine  
  119  6:55  SCV x2  
  119  6:56  SCV  
  119  7:00  Marine x3  
  126  7:08  Medivac x2  
  130  7:10  Marine  
  130  7:12  Marine  
  130  7:15  Command Center  
  132  7:18  Marine x3  
  132  7:20  Siege Tank  
  138  7:26  Marine x3  
  138  7:28  Marine  
  138  7:29  Marine  
  142  7:32  Marine  
  142  7:36  Marine x2  
  146  7:37  Marine  
  146  7:44  Marine x3  
  147  7:46  Marine  
  147  7:47  Marine  
  147  7:49  Terran Infantry Armor Level 2, Terran Infantry Weapons Level 2, Marine  
  147  7:50  Barracks  
  147  7:51  Barracks x2  
  149  7:54  Marine x2  
  149  7:55  Marine  
  149  7:57  Siege Tank  
  149  7:58  Medivac  
  157  8:04  Marine  
  157  8:05  Marine x2  
  155  8:09  Marine  
  155  8:10  Marine x2  
  155  8:12  Medivac, Marine x3  
  133  8:21  Terran Vehicle Weapons Level 1  
  133  8:22  Marine x2  
  133  8:23  Marine  
  136  8:27  Marine x3  
  136  8:29  Siege Tank, Marine  
  136  8:30  Marine x2  
  136  8:33  Supply Depot  
  136  8:34  Supply Depot, Refinery  
  145  8:40  Marine x3  
  148  8:42  Barracks Reactor x3  
  148  8:45  Marine x3  
  148  8:47  Medivac x2, Marine x2  
  157  8:51  Marine  
  157  8:58  Planetary Fortress, Marine x3  
  157  8:59  SCV  
  157  9:00  SCV x2  
  163  9:03  Marine x3  
  163  9:05  Marine x2  
  163  9:07  Siege Tank  
  171  9:12  Marine  
  171  9:15  Marine  
  171  9:16  Marine x2  
  173  9:21  Marine x3  
  173  9:22  Sensor Tower, Marine x3  
  173  9:23  Marine  
  180  9:26  Marine x3  
  180  9:30  Supply Depot x2, SCV x3  
  180  9:39  Factory, Siege Tank  
  180  9:41  Marine  
  180  9:44  Marine  
  185  9:46  Marine  
  185  9:47  Marine x2  
  185  9:51  Marine  
  189  9:58  Marine x6  
  195  10:03  Marine x4  
  199  10:12  Command Center  
  199  10:13  Terran Infantry Weapons Level 3, Terran Infantry Armor Level 3  
  190  10:14  Command Center, Marine x2  
  190  10:15  Marine x2  
  190  10:17  Marine x3  
  197  10:26  Marine x2  
  197  10:27  Marine  
  200  10:31  Marine x3  
  200  10:33  Marine x2  
  200  10:34  Factory Tech Lab, Marine  
  197  10:40  Medivac x2  
  197  10:42  Terran Vehicle Weapons Level 2  
  189  10:47  Marine x3  
  189  10:49  Marine x4  
  194  10:50  Marine x2  
  194  10:54  Marine x3  
  194  10:55  Marine  
  193  10:57  Marine x2  
  193  10:59  Siege Tank  
  193  11:03  Ghost Academy  
  192  11:04  Marine  
  192  11:05  Barracks, Marine x2  
  192  11:06  Refinery x2, Barracks  
  192  11:07  Barracks  
  192  11:08  Marine x3  
  192  11:09  Marine  
  164  11:12  Marine x4  
  164  11:17  Marine x4  
  156  11:22  Marine x2  
  156  11:23  Marine  
  149  11:26  Marine x4  
  149  11:29  Siege Tank, Marine x2  
  149  11:32  Marine x2  
  158  11:35  Marine x2  
  158  11:38  Siege Tank  
  165  11:43  Personal Cloaking  
  165  11:58  Barracks Tech Lab x2  
  165  12:00  Barracks Tech Lab  
  165  12:01  Siege Tank, Ghost  
  157  12:03  Planetary Fortress  
  157  12:05  Viking  
  157  12:06  Viking  
  166  12:12  Siege Tank  
  169  12:15  Orbital Command  
  169  12:20  Sensor Tower  
  169  12:23  Ghost x2  
  169  12:24  Ghost  
  175  12:34  Barracks Tech Lab  
  165  12:38  Siege Tank  
  165  12:39  Barracks Tech Lab  
  165  12:41  Ghost  
  164  12:44  Siege Tank  
  167  12:51  Ghost x2  
  167  12:52  Ghost  
  167  12:58  Ghost  
  173  13:02  Refinery  
  173  13:03  Refinery  
  175  13:05  Missile Turret  
  175  13:08  Missile Turret  
  175  13:09  Command Center  
  175  13:12  Siege Tank  
  178  13:16  Terran Vehicle Weapons Level 3, Missile Turret  
  178  13:19  Missile Turret  
  178  13:34  Ghost x3  
  183  13:44  Factory  
  183  13:45  Command Center  
  165  14:11  Marine x6, Ghost x2  
  166  14:17  Siege Tank x2  
  172  14:30  Viking x2  
  176  14:33  Ghost x3  
  176  14:34  Marine x3  
  176  14:36  Marine  
  176  14:37  Marine  
  185  14:42  Marine x2  
  166  14:49  Siege Tank x2, Marine x2  
  166  14:50  Marine  
  166  14:52  Marine  
  154  14:54  Marine x2  
  146  15:02  Marine  
  146  15:03  Marine  
  130  15:07  Marine x2  
  130  15:08  Marine  
  130  15:09  Marine  
  130  15:12  Marine  
  123  15:14  Marine  
  123  15:18  Medivac  
  123  15:19  Marine  
  127  15:21  Siege Tank  
  127  15:22  Siege Tank  
  127  15:24  Planetary Fortress  
  127  15:27  SCV  
  134  15:29  SCV  
  135  15:37  Ghost  
  137  15:43  Medivac  
  139  15:51  Sensor Tower  
  139  15:53  Liberator  
  142  16:14  Siege Tank x2, Ghost  
  142  16:17  Missile Turret, Ghost  
  152  16:24  Liberator  
  152  16:31  Planetary Fortress  
  152  16:38  Missile Turret  
  152  16:46  Siege Tank x2  
  158  16:50  Missile Turret  
  158  16:52  Factory Tech Lab  
  158  16:54  Terran Vehicle And Ship Armor Level 1  
  158  17:02  Refinery  
  158  17:03  Refinery  
  158  17:04  Sensor Tower  
  158  17:09  Liberator x2  
  155  17:30  Siege Tank x2  
  153  17:42  Siege Tank  
  156  17:45  Marine x4  
  156  17:46  Marine x2  
  137  17:53  SCV x3  
  127  18:02  Siege Tank  
  127  18:03  Medivac  
  127  18:04  Medivac  
  133  18:10  SCV x3  
  136  18:16  Sensor Tower  
  136  18:17  Siege Tank x2  
  136  18:19  Infernal Pre-Igniter  
  142  18:28  Sensor Tower  
  138  18:37  Hellion  
  138  18:40  Orbital Command  
  140  18:44  Enhanced Shockwaves  
  140  18:49  Hellion x2  
  140  18:52  Missile Turret  
  152  19:18  Siege Tank x3  
  153  19:27  Liberator x2  
  159  19:51  Terran Vehicle And Ship Armor Level 2  
  159  19:52  Missile Turret x2  
  159  19:59  Thor x3  
  177  20:09  Refinery  
  171  20:42  Siege Tank x2  
  138  20:55  Siege Tank  
  133  21:08  Marine x8  
  141  21:21  Marine x6  
  141  22:01  Siege Tank x3  
  141  22:02  Marine x8  
  155  22:33  Hellion x2  
  155  22:34  Hellion  
  120  22:47  Marine x2  
  120  22:48  Marine x3  
  103  22:55  Hellion, Siege Tank  
  107  23:22  Orbital Command  
  107  23:24  Hellion x2, Orbital Command  
  113  23:27  Hellion  
  113  23:51  Ghost  
  113  23:53  Missile Turret  
  114  24:13  SCV  
  114  24:14  SCV x3  
Tags
 
Add a new tag
Caveats
  • Supply blocks, unpowered buildings, or Contaminate may cause inaccurate times.
  • Supply counts are checked every 10 seconds.